 Dungeon Crawl Stone Soup version 0.20-a0-971-g5896763 (webtiles) character file.

1240 Devintownsend the Cleaver (level 8, -5/71 HPs)
             Began as a Minotaur Fighter on Apr 8, 2017.
             Slain by an orc warrior
             ... wielding a +0 trident
              (11 damage)
             ... on level 5 of the Dungeon.
             The game lasted 00:15:07 (4621 turns).

Devintownsend the Cleaver (Minotaur Fighter)        Turns: 4621, Time: 00:15:10

Health: -5/71      AC:  7    Str: 22    XL:     8   Next: 25%
Magic:  7/7        EV:  6    Int:  5    God:
Gold:   384        SH:  7    Dex: 11    Spells: 7/7 levels left

rFire    . . .     SeeInvis .   a - +0 war axe
rCold    . . .     Gourm    +   c - +0 shield
rNeg     . . .     Faith    .   b - +0 scale mail
rPois    .         Spirit   .   (helmet restricted)
rElec    .         Reflect  .   (no cloak)
rCorr    .         Harm     .   w - +0 pair of gloves
MR       .....                  (no boots)
Stlth    ..........             F - amulet of the gourmand
Regen    0.3/turn               i - ring of flight
MPRegen  0.1/turn               I - ring of wizardry

@: extremely drained
A: retaliatory headbutt, horns 2
a: Evoke Flight


You were on level 5 of the Dungeon.
You were not hungry.

You visited 1 branch of the dungeon, and saw 6 of its levels.

You collected 384 gold pieces.

Inventory:

Hand Weapons
 a - a +0 war axe (weapon)
Armour
 b - a +0 scale mail (worn)
 c - a +0 shield (worn)
 w - a +0 pair of gloves (worn)
Jewellery
 i - a ring of flight (left hand)
 t - an uncursed amulet of regeneration
 B - an uncursed amulet of harm
 F - an amulet of the gourmand (around neck)
 H - an uncursed amulet of rage {unknown}
 I - a ring of wizardry (right hand)
Scrolls
 g - 3 scrolls of teleportation {unknown}
 h - 3 scrolls of amnesia {unknown}
 k - 2 scrolls of remove curse {unknown}
 l - a scroll of recharging {unknown}
 o - 2 scrolls of magic mapping {unknown}
 q - a scroll of enchant armour {unknown}
 r - 3 scrolls of blinking {unknown}
 v - 4 scrolls of identify {unknown}
 x - 2 scrolls of fog {unknown}
 y - a scroll of noise {unknown}
 D - a scroll of fear {unknown}
 J - 2 scrolls of enchant weapon {unknown}
Potions
 d - 2 potions of might
 e - 3 potions of degeneration {unknown}
 j - a potion of resistance {unknown}
 m - 3 potions of agility {unknown}
 p - a potion of lignification {unknown}
 s - 4 potions of heal wounds {unknown}
 u - 2 potions of curing {unknown}
 z - a potion of flight {unknown}
 C - a potion of ambrosia {unknown}
 E - a potion of berserk rage {unknown}
Comestibles
 f - 2 bread rations
 n - 3 fruits
 A - a royal jelly
 G - 3 meat rations


   Skills:
 + Level 6.5(0.0) Fighting
 + Level 8.0(0.0) Axes
 + Level 6.6(0.0) Armour
 - Level 5.7(0.0) Shields
 + Level 0.5(0.0) Evocations


You had 7 spell levels left.
You didn't know any spells.

Dungeon Overview and Level Annotations

Branches:
Dungeon (6/15)
 Temple: D:4-7

Altars:
Zin

Shops:
D:5 :


Innate Abilities, Weirdness & Mutations

You reflexively headbutt those who attack you in melee.
You have a pair of horns on your head.


Message History

You closely miss the orc warrior. You headbutt the orc warrior.
The orc warrior is lightly wounded.
The orc warrior hits you with a trident.
You barely miss the orc warrior.
The orc warrior is lightly wounded.
The orc warrior hits you with a trident.
You barely miss the orc warrior.
The orc warrior is lightly wounded.
The orc warrior hits you with a trident! x2
You barely miss the orc warrior. You headbutt the orc warrior.
The orc warrior is moderately wounded.
The orc warrior hits you with a trident.
* * * LOW HITPOINT WARNING * * *
You closely miss the orc warrior.
You headbutt the orc warrior, but do no damage.
The orc warrior is moderately wounded.
The orc warrior hits you with a trident!
* * * LOW HITPOINT WARNING * * *
The orc warrior hits you with a trident!
You die...

..## #.# ###
##.############ #
#.........>.<.# ##
#..#####......# .# #..#
#......# .#######..##
#......#
.##........#######.###
.##.####.......o.#.#
....####........@#.#
.#...............#.#
.................#.#######
.................#.##....#
.......[.................#
.................#.......#
.........).......##.<#####
.................##..#
#.#.............###..#


You could see an orc warrior.

Vanquished Creatures
  An ice beast (D:5)
  An ogre (D:5)
  6 big kobolds (D:4)
  2 scorpions
  A crimson imp (D:5)
  2 hounds (D:5)
  A jelly (D:5)
  An iguana (D:4)
  5 worker ants
  6 gnolls
  6 adders
  A shadow imp (D:5)
  2 oozes (D:1)
  3 worms (D:2)
  2 dart slugs
  2 leopard geckos (D:3)
  10 orcs
  2 giant cockroaches
  12 goblins
  16 hobgoblins
  3 jackals
  2 quokkas
  6 bats
  9 frilled lizards
  44 kobolds
  5 rats
151 creatures vanquished.

Notes
Turn   | Place    | Note
-------+----------+-------------------------------------------
     0 | D:1      | Devintownsend the Minotaur Fighter began the quest for the Orb.
     0 | D:1      | Reached XP level 1. HP: 19/19 MP: 0/0
    66 | D:1      | Reached XP level 2. HP: 23/27 MP: 1/1
   446 | D:1      | Reached XP level 3. HP: 34/34 MP: 2/2
   747 | D:2      | Reached skill level 3 in Axes
  1053 | D:2      | Reached XP level 4. HP: 41/41 MP: 3/3
  1637 | D:3      | Reached skill level 4 in Axes
  1647 | D:3      | Reached XP level 5. HP: 21/47 MP: 4/4
  2049 | D:3      | Found a faded altar of an unknown god.
  2407 | D:4      | Found a glowing silver altar of Zin.
  2550 | D:4      | Reached skill level 5 in Fighting
  2561 | D:4      | Reached skill level 5 in Axes
  2822 | D:4      | Reached XP level 6. HP: 56/56 MP: 5/5
  2855 | D:4      | Reached skill level 5 in Shields
  2884 | D:4      | Reached skill level 5 in Armour
  2991 | D:4      | Reached skill level 6 in Axes
  2991 | D:4      | Reached XP level 7. HP: 61/61 MP: 6/6
  3114 | D:4      | Reached skill level 7 in Axes
  3620 | D:5      | Entered Level 5 of the Dungeon
  3900 | D:5      | Reached XP level 8. HP: 60/70 MP: 7/7
  3920 | D:5      | Found Weudaci's Book Shop.
  4595 | D:6      | Reached skill level 8 in Axes
  4621 | D:5      | Slain by an orc warrior

Vault maps used:
D:1:      moated_graveyard_arrival, minmay_misc_feat_hallway, st_stairs_3,
          serial_bayou_pond_d
D:2:      first_bread, kennysheep_cross_bottleneck, guppyfry_early_orc_mine
D:3:      chequers_ecumenical_altar_simple
D:4:      minmay_goblin_kobold_castle, zin_statuary, minmay_misc_feat_iff
D:5:      serial_shops, shop
D:6:      kennysheep_orc_sif_temple, minmay_misc_feat_diagonals

Skill      XL: |  1  2  3  4  5  6  7  8 |
---------------+-------------------------+-----
Fighting       | 4 5 6 |  6.5
Shields        | 4 5 |  5.7
Axes           | 3 4 5 6 7 8 |  8.0
Armour         | 4 5 6 |  6.6
Evocations     | |  0.5

Action                   |  1- 3 |  4- 6 |  7- 9 || total
-------------------------+-------+-------+-------++-------
Melee: War axe           |   103 |   198 |   130 ||   431
       Headbutt          |    14 |    30 |    22 ||    66
 Abil: Evoke Flight      |       |       |     1 ||     1
  Eat: Chunk             |       |     5 |    10 ||    15
       Fruit             |       |     3 |       ||     3
Armor: Scale mail        |    44 |    87 |    84 ||   215
Dodge: Dodged            |    40 |    59 |    54 ||   153
Block: Shield            |    60 |   134 |    85 ||   279
